 Dungeon Crawl Stone Soup version 0.23-a0-554-gd3cbc84 (webtiles) character file.

25 Lavandula the Cutter (level 3, 4/21 HPs)
             Began as a Halfling Enchanter on Dec 10, 2018.
             Quit the game on level 3 of the Dungeon.
             The game lasted 00:03:26 (906 turns).

Lavandula the Cutter (Halfling Enchanter)            Turns: 906, Time: 00:03:26

Health: 4/21       AC:  3    Str:  9    XL:     3   Next: 17%
Magic:  0/5        EV: 15    Int: 14    God:
Gold:   16         SH:  0    Dex: 14    Spells: 2/5 levels left

rFire    . . .     SeeInvis .   a - +1 dagger
rCold    . . .     Gourm    .   (shield restricted)
rNeg     . . .     Faith    .   b - +0 robe
rPois    .         Spirit   .   (no helmet)
rElec    .         Reflect  .   (no cloak)
rCorr    +         Harm     .   e - +0 pair of gloves
MR       .....                  (no boots)
Stlth    ++........             (no amulet)
HPRegen  0.07/turn              h - ring of resist corrosion
MPRegen  0.09/turn              (no ring)

@: lethally poisoned (4 -> -24)
A: small, mutation resistance 1
a: no special abilities


You were on level 3 of the Dungeon.
You were hungry.

You visited 1 branch of the dungeon, and saw 3 of its levels.

You collected 16 gold pieces.

Inventory:

Hand Weapons
 a - a +1 dagger (weapon)
 j - a +0 hunting sling
Armour
 b - a +0 robe (worn)
 e - a +0 pair of gloves (worn)
Jewellery
 h - a ring of resist corrosion (left hand)
Scrolls
 c - 3 scrolls of identify
 f - a scroll of amnesia
Potions
 i - a potion of cancellation
Comestibles
 d - 3 rations
 g - 3 chunks of flesh


   Skills:
 + Level 3.5 Short Blades
 - Level 2.1 Dodging
 - Level 3.2 Stealth
 - Level 1.5 Spellcasting
 - Level 2.4 Hexes


You had 2 spell levels left.
You knew the following spells:

 Your Spells              Type           Power        Failure   Level  Hunger
a - Corona                Hex            #......      10%         1    ##.....
b - Ensorcelled Hibernat  Hex/Ice        #.....       22%         2    ###....

Your spell library contained the following spells:

 Spells                   Type           Power        Failure   Level  Hunger
 Confuse                  Hex            #.......     28%         3    ####...
 Tukima's Dance           Hex            #.......     28%         3    ####...
 Dazzling Spray           Conj/Hex       #.....       41%         3    ####...


Dungeon Overview and Level Annotations

Branches:
Dungeon (3/15)

Altars:
Gozag
Nemelex Xobeh
Sif Muna
Uskayaw

Annotations:
D:3 Sigmund


Innate Abilities, Weirdness & Mutations

You are small and have problems with some larger weapons.
You are somewhat resistant to further mutation.


Message History

Sigmund hits you with a +0 scythe of venom.
You are lethally poisoned!
It was a potion of cancellation.
You feel magically purged.
Your magical contamination has completely faded away.
You feel sick.
Sigmund giggles. "Time to reap what you sow."
Sigmund hits you with a +0 scythe of venom.
* * * LOW HITPOINT WARNING * * *
You are more poisoned.
Okay, then.
You aren't carrying any items that you can evoke.
Unknown command.
As you read the scroll labeled INTOST FODWU, it crumbles to dust.
It is a scroll of identify.
f - a scroll of amnesia
* * * LOW HITPOINT WARNING * * *
You feel sick.
Unknown command.
Okay, then.
Are you sure you want to abandon this character and quit the game? (Confirm

#.# ## #.# #.#.. #. #..
..... #. #.# #.#.# #.
#.# #.#.# #. #.# #.#.#
#. #.# #.#.#
.#####.###.#####.#.#
......@@...........#####
##########%.........(.(.
#######...(....
###.##### #.# #.#
#.##### ####......
#.......##


You could see Sigmund.

Vanquished Creatures
  An orc (D:3)
  A bat (D:2)
  3 giant cockroaches (D:3)
  2 goblins (D:3)
  2 hobgoblins
  A jackal (D:3)
  5 kobolds
  2 ball pythons (D:3)
  2 frilled lizards
  4 rats
23 creatures vanquished.

Notes
Turn   | Place    | Note
-------+----------+-------------------------------------------
     0 | D:1      | Lavandula the Halfling Enchanter began the quest for the
                  | Orb.
     0 | D:1      | Reached XP level 1. HP: 11/11 MP: 3/3
   147 | D:2      | Reached XP level 2. HP: 11/17 MP: 2/4
   151 | D:2      | Learned a level 2 spell: Ensorcelled Hibernation
   224 | D:3      | Found an opulent altar of Gozag.
   365 | D:3      | Found a deep blue altar of Sif Muna.
   424 | D:3      | Found a sparkling altar of Nemelex Xobeh.
   424 | D:3      | Found a hide-covered altar of Uskayaw.
   748 | D:3      | Reached XP level 3. HP: 12/21 MP: 3/5
   892 | D:3      | Noticed Sigmund
   906 | D:3      | Quit the game

Vault maps used:
D:1:      dpeg_arrival_rhombi
D:2:      glass_columns_b, minmay_misc_feat_five
D:3:      gammafunk_temple_overflow_pools,
          chequers_temple_overflow_statue_of_worship, uniq_robin, uniq_sigmund

Skill      XL: |  1  2 |
---------------+-------+-----
Short Blades   | 2 3 |  3.5
Dodging        | |  2.1
Stealth        | |  3.2
Spellcasting   | |  1.5
Hexes          | |  2.4

Action                   || total
-------------------------++-------
Melee: Dagger            ||    94
 Cast: Corona            ||    17
       Ensorcelled Hiber ||     2
  Use: Scroll            ||     1
       Potion            ||     1
 Stab: Sleeping          ||     5
Armor: Robe              ||    13
Dodge: Dodged            ||    59

Table legend:
 A = Non-vault XP
 B = Vault XP
 C = Vault XP percentage of total XP
 D = Non-vault monster count
 E = Vault monster count
 F = Vault count percentage of total count
                 A         B        C        D         E       F
            +---------+---------+-------+---------+---------+-------
      Total |      36 |       0 |   0.0 |      23 |       0 |   0.0
            +---------+---------+-------+---------+---------+-------
        D:1 |       5 |       0 |   0.0 |       3 |       0 |   0.0
        D:2 |       5 |       0 |   0.0 |       4 |       0 |   0.0
        D:3 |      26 |       0 |   0.0 |      16 |       0 |   0.0
            +---------+---------+-------+---------+---------+-------
